TOP OF THE 1ST |
Houston Astros batting - Pitching for Oakland Athletics : RHP Hunter Vanderhyden
|
Pitching: RHP Hunter Vanderhyden
|
|
Batting: RHB Jesse Scott
|
0-0: Called Strike 0-1: Ball 1-1: Ball 2-1: Fly out, F8 (Flyball, 8LD, EV 81.9 MPH)
|
Batting: LHB Eric Katz
|
0-0: Ball 1-0: Bunt for hit to 23 - play at first, batter safe!
|
Batting: LHB Jack Christie
|
0-0: Called Strike Eric Katz steals 2nd base (no throw) 0-1: Ball Wild Pitch! Eric Katz to third 1-1: SINGLE (Line Drive, 89S, EV 92.5 MPH) Eric Katz scores
|
Batting: SHB Rich Chavez
|
0-0: Ball 1-0: Swinging Strike 1-1: Called Strike 1-2: Strikes out looking
|
Batting: SHB Joe Gardner
|
0-0: Ball 1-0: Ball 2-0: Ball 3-0: Ground out 1-3 (Groundball, 13, EV 70.6 MPH)
|
Top of the 1st over - 1 run, 2 hits, 0 errors, 1 left on base; Houston 1 - Oakland 0 |
BOTTOM OF THE 1ST |
Oakland Athletics batting - Pitching for Houston Astros : RHP Josh Sandoval
|
Pitching: RHP Josh Sandoval
|
|
Batting: LHB R.J. O'Brien
|
0-0: Ball 1-0: Called Strike 1-1: Hit by Pitch
|
Batting: LHB Tom Butterbaugh
|
0-0: Ball Wild Pitch! R.J. O'Brien to second 1-0: Ball 2-0: Ball 3-0: Base on Balls
|
Batting: RHB Muneo Kawachi
|
0-0: Called Strike 0-1: Called Strike 0-2: Ball 1-2: Foul Ball, location: 2F 1-2: Strikes out swinging
|
Batting: LHB Sakae Kasahara
|
0-0: 3-RUN HOME RUN (Flyball, 89XD, EV 108.1 MPH), Distance : 403 ft
|
Batting: RHB Jason May
|
0-0: Ball 1-0: Swinging Strike 1-1: Called Strike 1-2: Ball 2-2: SOLO HOME RUN (Flyball, 9LD, EV 93.1 MPH), Distance : 339 ft
|
Batting: SHB Quincy Bradford
|
0-0: Ball 1-0: SINGLE (Groundball, 34D, EV 100.6 MPH)
|
Batting: RHB Tommy Baird
|
0-0: Ball 1-0: Ball 2-0: Ball 3-0: Called Strike 3-1: Called Strike 3-2: Strikes out swinging
|
Batting: SHB Ryan Langlois
|
0-0: Called Strike Quincy Bradford steals 2nd base (no throw) 0-1: Fly out, F7 (Flyball, 78M, EV 89.4 MPH)
|
Bottom of the 1st over - 4 runs, 3 hits, 0 errors, 1 left on base; Houston 1 - Oakland 4 |
TOP OF THE 2ND |
Houston Astros batting - Pitching for Oakland Athletics : RHP Hunter Vanderhyden
|
Batting: RHB Jeremy Trump
|
0-0: Fly out, F9 (Flyball, 9, EV 84.4 MPH)
|
Batting: RHB Eric Chotkowski
|
0-0: Ball 1-0: Foul Ball, location: 2F 1-1: Foul Ball, location: 2F 1-2: Ball 2-2: Ground out 1-3 (Groundball, 13S, EV 69.4 MPH)
|
Batting: RHB Elijah Hunter
|
0-0: Called Strike 0-1: Ball 1-1: Ball 2-1: Ball 3-1: Called Strike 3-2: Base on Balls
|
Batting: SHB Bryan Johnston
|
0-0: Ball 1-0: Ground out 4-3 (Groundball, 4S, EV 91.2 MPH)
|
Top of the 2nd over - 0 runs, 0 hits, 0 errors, 1 left on base; Houston 1 - Oakland 4 |
BOTTOM OF THE 2ND |
Oakland Athletics batting - Pitching for Houston Astros : RHP Josh Sandoval
|
Batting: RHB Garry Hash
|
0-0: Called Strike 0-1: Ball 1-1: Foul Ball, location: 2F 1-2: Foul Ball, location: 2F 1-2: Foul Ball, location: 2F 1-2: Foul Ball, location: 2F 1-2: Ball 2-2: Foul Ball, location: 2F 2-2: Foul Ball, location: 2F 2-2: Ball 3-2: Base on Balls
|
Batting: LHB R.J. O'Brien
|
0-0: Ball 1-0: Ball Garry Hash steals 2nd base 2-0: Ball 3-0: Called Strike 3-1: Ground out U3 (Groundball, 3, EV 82.5 MPH) Garry Hash to third
|
Batting: LHB Tom Butterbaugh
|
0-0: Swinging Strike 0-1: Ball 1-1: Foul Ball, location: 2F 1-2: Foul Ball, location: 2F 1-2: Strikes out swinging, 2-3 out at first.
|
Batting: RHB Muneo Kawachi
|
0-0: Called Strike 0-1: Fly out, F6 (Popup, 56, EV 65.6 MPH)
|
Bottom of the 2nd over - 0 runs, 0 hits, 0 errors, 1 left on base; Houston 1 - Oakland 4 |
TOP OF THE 3RD |
Houston Astros batting - Pitching for Oakland Athletics : RHP Hunter Vanderhyden
|
Batting: RHB Jesse Scott
|
0-0: Ball 1-0: Foul Ball, location: 2F 1-1: Foul Ball, location: 2F 1-2: Strikes out swinging
|
Batting: LHB Eric Katz
|
0-0: Ball 1-0: Ball 2-0: Ball 3-0: Base on Balls
|
Batting: LHB Jack Christie
|
0-0: SINGLE (Groundball, 6MD, EV 106.9 MPH) Eric Katz to second Runner from 2nd tries for 3rd, SAFE, throw by CF made to third
|
Batting: SHB Rich Chavez
|
0-0: Foul Ball, location: 2F 0-1: Called Strike 0-2: Ball 1-2: Ball 2-2: Foul Ball, location: 2F 2-2: SINGLE (Line Drive, 34D, EV 111.2 MPH) Eric Katz scores Jack Christie to second
|
Batting: SHB Joe Gardner
|
0-0: Ball Passed Ball! Jack Christie to third Rich Chavez to second 1-0: Ball 2-0: Called Strike 2-1: 3-RUN HOME RUN (Flyball, 89XD, EV 108.1 MPH), Distance : 394 ft
|
Batting: RHB Jeremy Trump
|
0-0: Called Strike 0-1: Ball 1-1: Swinging Strike 1-2: Ball 2-2: Foul Ball, location: 2F 2-2: Strikes out swinging
|
Batting: RHB Eric Chotkowski
|
0-0: Called Strike 0-1: SINGLE (Groundball, 34D, EV 97.5 MPH)
|
Batting: RHB Elijah Hunter
|
0-0: Ball 1-0: Ball Wild Pitch! Eric Chotkowski to second 2-0: Called Strike 2-1: Fly out, F7 (Flyball, 7S, EV 85.6 MPH)
|
Top of the 3rd over - 4 runs, 4 hits, 0 errors, 1 left on base; Houston 5 - Oakland 4 |
BOTTOM OF THE 3RD |
Oakland Athletics batting - Pitching for Houston Astros : RHP Josh Sandoval
|
Batting: LHB Sakae Kasahara
|
0-0: Called Strike 0-1: SINGLE (Line Drive, 4MD, EV 96.2 MPH)
|
Batting: RHB Jason May
|
0-0: Swinging Strike 0-1: SINGLE (Line Drive, 8RS, EV 110.0 MPH) Sakae Kasahara to second
|
Batting: SHB Quincy Bradford
|
0-0: Called Strike 0-1: Ball 1-1: Called Strike 1-2: Fielders Choice at 2nd, 1-6 (Groundball, 34S, EV 63.8 MPH) Sakae Kasahara to third
|
Batting: RHB Tommy Baird
|
0-0: Called Strike 0-1: Fly out, F3 (Popup, 4S, EV 66.9 MPH)
|
Batting: SHB Ryan Langlois
|
0-0: Ball 1-0: Ball 2-0: Foul Ball, location: 2F 2-1: Called Strike 2-2: Ball 3-2: Base on Balls Quincy Bradford to second
|
Batting: RHB Garry Hash
|
0-0: Ground out U3 (Groundball, 13, EV 86.2 MPH)
|
Bottom of the 3rd over - 0 runs, 2 hits, 0 errors, 3 left on base; Houston 5 - Oakland 4 |
TOP OF THE 4TH |
Houston Astros batting - Pitching for Oakland Athletics : RHP Hunter Vanderhyden
|
Batting: SHB Bryan Johnston
|
0-0: Called Strike 0-1: Swinging Strike 0-2: Foul Ball, location: 2F 0-2: Ball 1-2: Strikes out swinging
|
Batting: RHB Jesse Scott
|
0-0: Ball 1-0: Called Strike 1-1: Ball 2-1: Ball 3-1: Base on Balls
|
Batting: LHB Eric Katz
|
0-0: Ball 1-0: Foul Ball, location: 2F 1-1: Ball Jesse Scott steals 2nd base 2-1: Foul Ball, location: 2F 2-2: Fly out, F7 (Line Drive, 7, EV 96.9 MPH)
|
Batting: LHB Jack Christie
|
0-0: Ball 1-0: Ball 2-0: Ball 3-0: Fly out, F8 (Flyball, 78D, EV 88.8 MPH)
|
Top of the 4th over - 0 runs, 0 hits, 0 errors, 1 left on base; Houston 5 - Oakland 4 |
BOTTOM OF THE 4TH |
Oakland Athletics batting - Pitching for Houston Astros : RHP Josh Sandoval
|
Batting: LHB R.J. O'Brien
|
0-0: Ground out U3 (Groundball, 3, EV 86.2 MPH)
|
Batting: LHB Tom Butterbaugh
|
0-0: Ball 1-0: Foul Ball, location: 2F 1-1: Swinging Strike 1-2: Strikes out swinging
|
Batting: RHB Muneo Kawachi
|
0-0: Ball 1-0: Called Strike 1-1: SINGLE (Flyball, 4D, EV 90.6 MPH)
|
Batting: LHB Sakae Kasahara
|
0-0: Ball 1-0: Ball 2-0: Swinging Strike 2-1: Called Strike 2-2: Strikes out looking
|
Bottom of the 4th over - 0 runs, 1 hit, 0 errors, 1 left on base; Houston 5 - Oakland 4 |
TOP OF THE 5TH |
Houston Astros batting - Pitching for Oakland Athletics : RHP Hunter Vanderhyden
|
Batting: SHB Rich Chavez
|
0-0: Called Strike 0-1: Ball 1-1: DOUBLE (Groundball, 3L, EV 101.2 MPH)
|
Batting: SHB Joe Gardner
|
0-0: Called Strike 0-1: Foul Ball, location: 2F 0-2: Ball 1-2: Strikes out swinging
|
Batting: RHB Jeremy Trump
|
0-0: Swinging Strike 0-1: Foul Ball, location: 2F 0-2: Strikes out swinging
|
Batting: RHB Eric Chotkowski
|
0-0: Ball 1-0: Ball 2-0: Ball 3-0: Fly out, F7 (Flyball, 7D, EV 94.4 MPH)
|
Top of the 5th over - 0 runs, 1 hit, 0 errors, 1 left on base; Houston 5 - Oakland 4 |
BOTTOM OF THE 5TH |
Oakland Athletics batting - Pitching for Houston Astros : RHP Josh Sandoval
|
Batting: RHB Jason May
|
0-0: Ball 1-0: Called Strike 1-1: Fly out, F9 (Line Drive, 89M, EV 101.9 MPH)
|
Batting: SHB Quincy Bradford
|
0-0: Ball 1-0: SINGLE (Groundball, 4MD, EV 79.4 MPH) (infield hit)
|
Batting: RHB Tommy Baird
|
0-0: SINGLE (Line Drive, 6D, EV 96.2 MPH) Quincy Bradford to second
|
Batting: SHB Ryan Langlois
|
0-0: Ball 1-0: Ball 2-0: Foul Ball, location: 2F 2-1: Called Strike 2-2: Strikes out looking
|
Batting: RHB Garry Hash
|
0-0: Ball 1-0: Foul Ball, location: 2F 1-1: Foul Ball, location: 2F 1-2: Strikes out looking
|
Bottom of the 5th over - 0 runs, 2 hits, 0 errors, 2 left on base; Houston 5 - Oakland 4 |
TOP OF THE 6TH |
Houston Astros batting - Pitching for Oakland Athletics : RHP Hunter Vanderhyden
|
Pitching: RHP Germano Nunes
|
|
Batting: RHB Elijah Hunter
|
0-0: Ball 1-0: SINGLE (Groundball, 6MD, EV 98.1 MPH)
|
Batting: SHB Bryan Johnston
|
0-0: Foul Ball, location: 2F 0-1: Ball 1-1: Ball 2-1: Ball 3-1: Foul Ball, location: 2F 3-2: Foul Ball, location: 2F 3-2: Base on Balls Elijah Hunter to second
|
Batting: RHB Jesse Scott
|
0-0: SINGLE (Flyball, 7LS, EV 98.8 MPH) Elijah Hunter to third Bryan Johnston to second
|
Batting: LHB Eric Katz
|
0-0: Ball 1-0: Ball 2-0: Ball 3-0: Base on Balls Elijah Hunter scores Bryan Johnston to third Jesse Scott to second
|
Batting: LHB Jack Christie
|
0-0: Fly out, F7 (Flyball, 78M, EV 76.9 MPH) Runner from 3rd tags up, SCORES, no throw by LF
|
Batting: SHB Rich Chavez
|
0-0: Called Strike 0-1: Called Strike 0-2: Ball 1-2: Foul Ball, location: 2F 1-2: Ball 2-2: Strikes out swinging
|
Batting: SHB Joe Gardner
|
0-0: Ball 1-0: Ball 2-0: Ball 3-0: Called Strike 3-1: Base on Balls Jesse Scott to third Eric Katz to second
|
Batting: RHB Jeremy Trump
|
0-0: Swinging Strike 0-1: Swinging Strike 0-2: Strikes out swinging
|
Top of the 6th over - 2 runs, 2 hits, 0 errors, 3 left on base; Houston 7 - Oakland 4 |
BOTTOM OF THE 6TH |
Oakland Athletics batting - Pitching for Houston Astros : RHP Josh Sandoval
|
Pitching: RHP Jordan Tejeda
|
|
Batting: LHB R.J. O'Brien
|
0-0: Ball 1-0: Called Strike 1-1: Foul Ball, location: 2F 1-2: Ball 2-2: Ground out 4-3 (Groundball, 34, EV 93.1 MPH)
|
Batting: LHB Tom Butterbaugh
|
0-0: Called Strike 0-1: Ball 1-1: Foul Ball, location: 2F 1-2: Ball 2-2: Foul Ball, location: 2F 2-2: Foul Ball, location: 2F 2-2: SINGLE (Groundball, 23, EV 66.2 MPH) (infield hit)
|
Batting: RHB Muneo Kawachi
|
0-0: Swinging Strike 0-1: Ball 1-1: SINGLE (Flyball, 7S, EV 92.5 MPH) Tom Butterbaugh to second
|
Batting: LHB Sakae Kasahara
|
0-0: Called Strike 0-1: Swinging Strike 0-2: Ball 1-2: Strikes out swinging
|
Batting: RHB Jason May
|
0-0: Foul Ball, location: 2F 0-1: Foul Ball, location: 2F 0-2: Ball 1-2: Foul Ball, location: 2F 1-2: Ball 2-2: Ball 3-2: Ground out 3-1 (Groundball, 34S, EV 79.4 MPH)
|
Bottom of the 6th over - 0 runs, 2 hits, 0 errors, 2 left on base; Houston 7 - Oakland 4 |
TOP OF THE 7TH |
Houston Astros batting - Pitching for Oakland Athletics : RHP Germano Nunes
|
Pitching: RHP George Rubio
|
|
Batting: RHB Eric Chotkowski
|
0-0: Called Strike 0-1: Ball 1-1: Called Strike 1-2: Strikes out swinging
|
Batting: RHB Elijah Hunter
|
0-0: Ball 1-0: Ball 2-0: Ball 3-0: Called Strike 3-1: Called Strike 3-2: Strikes out swinging
|
Batting: SHB Bryan Johnston
|
0-0: Ball 1-0: Foul Ball, location: 2F 1-1: Ball 2-1: Ball 3-1: Fly out, F9 (Flyball, 9, EV 82.5 MPH)
|
Top of the 7th over - 0 runs, 0 hits, 0 errors, 0 left on base; Houston 7 - Oakland 4 |
BOTTOM OF THE 7TH |
Oakland Athletics batting - Pitching for Houston Astros : RHP Jordan Tejeda
|
Pitching: RHP Kyle McPeak
|
|
Batting: SHB Quincy Bradford
|
0-0: Called Strike 0-1: Ball 1-1: Called Strike 1-2: Ball 2-2: Ground out U3 (Groundball, 3, EV 85.0 MPH)
|
Batting: RHB Tommy Baird
|
0-0: Ball 1-0: Foul Ball, location: 2F 1-1: Called Strike 1-2: SOLO HOME RUN (Flyball, 7LD, EV 94.4 MPH), Distance : 343 ft
|
Batting: SHB Ryan Langlois
|
0-0: Ball 1-0: Foul Ball, location: 2F 1-1: SINGLE (Groundball, 4D, EV 107.5 MPH)
|
Batting: RHB Garry Hash
|
0-0: Foul Ball, location: 2F 0-1: Ball 1-1: Ball 2-1: Grounds into double play, 4-6-3 (Groundball, 4, EV 107.5 MPH)
|
Bottom of the 7th over - 1 run, 2 hits, 0 errors, 0 left on base; Houston 7 - Oakland 5 |
TOP OF THE 8TH |
Houston Astros batting - Pitching for Oakland Athletics : RHP George Rubio
|
Pitching: RHP Joe Bradford
|
|
Batting: RHB Jesse Scott
|
0-0: Ball 1-0: Foul Ball, location: 2F 1-1: Swinging Strike 1-2: Foul Ball, location: 2F 1-2: Ball 2-2: Strikes out swinging
|
Batting: LHB Eric Katz
|
0-0: SOLO HOME RUN (Flyball, 78XD, EV 103.1 MPH), Distance : 398 ft
|
Batting: LHB Jack Christie
|
0-0: Ground out 4-3 (Groundball, 34, EV 79.4 MPH)
|
Batting: SHB Rich Chavez
|
0-0: SINGLE (Line Drive, 89M, EV 97.5 MPH)
|
Batting: SHB Joe Gardner
|
0-0: Ball 1-0: Ball 2-0: Called Strike 2-1: Ground out 4-3 (Groundball, 4, EV 105.6 MPH)
|
Top of the 8th over - 1 run, 2 hits, 0 errors, 1 left on base; Houston 8 - Oakland 5 |
BOTTOM OF THE 8TH |
Oakland Athletics batting - Pitching for Houston Astros : RHP Kyle McPeak
|
Pitching: RHP Aaron Shapiro
|
|
Batting: LHB R.J. O'Brien
|
0-0: Called Strike 0-1: Ground out 6-3 (Groundball, 6, EV 84.4 MPH)
|
Batting: LHB Tom Butterbaugh
|
0-0: Ball 1-0: Ball 2-0: Called Strike 2-1: SINGLE (Line Drive, 8LS, EV 93.1 MPH)
|
Batting: RHB Muneo Kawachi
|
0-0: Called Strike 0-1: Called Strike 0-2: Foul Ball, location: 2F 0-2: Foul Ball, location: 2F 0-2: Ball 1-2: Ball 2-2: Ground out 5-3 (Groundball, 56S, EV 66.9 MPH) Tom Butterbaugh to second
|
Batting: LHB Sakae Kasahara
|
0-0: Ball 1-0: 2-RUN HOME RUN (Flyball, 9D, EV 107.5 MPH), Distance : 413 ft
|
Batting: RHB Jason May
|
0-0: Ground out 4-3 (Groundball, 4, EV 100.6 MPH)
|
Bottom of the 8th over - 2 runs, 2 hits, 0 errors, 0 left on base; Houston 8 - Oakland 7 |
TOP OF THE 9TH |
Houston Astros batting - Pitching for Oakland Athletics : RHP Joe Bradford
|
Batting: RHB Jeremy Trump
|
0-0: Called Strike 0-1: Ball 1-1: Swinging Strike 1-2: Strikes out looking
|
Batting: RHB Eric Chotkowski
|
0-0: Ball 1-0: Foul Ball, location: 2F 1-1: Foul Ball, location: 2F 1-2: Fly out, F9 (Flyball, 9D, EV 97.5 MPH)
|
Batting: RHB Elijah Hunter
|
0-0: Ball 1-0: Ball 2-0: Called Strike 2-1: Ball 3-1: Base on Balls
|
Batting: SHB Bryan Johnston
|
0-0: Ball 1-0: Called Strike 1-1: Swinging Strike 1-2: Foul Ball, location: 2F 1-2: Ball 2-2: Strikes out looking
|
Top of the 9th over - 0 runs, 0 hits, 0 errors, 1 left on base; Houston 8 - Oakland 7 |
BOTTOM OF THE 9TH |
Oakland Athletics batting - Pitching for Houston Astros : RHP Aaron Shapiro
|
Pitching: LHP Brian Thomas
|
|
Batting: SHB Quincy Bradford
|
0-0: Ball 1-0: Fly out, F8 (Flyball, 8RM, EV 94.4 MPH)
|
Batting: RHB Tommy Baird
|
0-0: Ball 1-0: Ball 2-0: SINGLE (Groundball, 6MD, EV 103.8 MPH)
|
Batting: SHB Ryan Langlois
|
0-0: Ball 1-0: Ball 2-0: Bunt missed! 2-1: Sac Bunt to 15 - play at first, batter OUT! 1-3 Tommy Baird to second
|
Batting: RHB Garry Hash
|
0-0: Ball 1-0: Ball 2-0: Called Strike 2-1: DOUBLE (Line Drive, 9LS, EV 113.1 MPH) Tommy Baird scores
|
Pinch Hitting: RHB Nick Gentzel
|
0-0: Called Strike 0-1: Ball 1-1: Ball 2-1: Swinging Strike 2-2: Ball 3-2: Strikes out swinging
|
Bottom of the 9th over - 1 run, 2 hits, 0 errors, 1 left on base; Houston 8 - Oakland 8 |
TOP OF THE 10TH |
Houston Astros batting - Pitching for Oakland Athletics : RHP Joe Bradford
|
Pitching: RHP Elijah Daniels
|
|
Now in LF: Nick Gentzel
|
|
Batting: RHB Jesse Scott
|
0-0: Foul Ball, location: 2F 0-1: Ball 1-1: Foul Ball, location: 2F 1-2: Fly out, F5 (Popup, 5SF, EV 83.1 MPH)
|
Batting: LHB Eric Katz
|
0-0: Swinging Strike 0-1: Ball 1-1: Foul Ball, location: 2F 1-2: Foul Ball, location: 2F 1-2: Ball 2-2: Foul Ball, location: 2F 2-2: Foul Ball, location: 2F 2-2: Ball 3-2: Fly out, F8 (Flyball, 8RXD, EV 106.9 MPH)
|
Batting: LHB Jack Christie
|
0-0: Ball 1-0: Ball 2-0: Called Strike 2-1: Fly out, F7 (Flyball, 78D, EV 105.6 MPH)
|
Top of the 10th over - 0 runs, 0 hits, 0 errors, 0 left on base; Houston 8 - Oakland 8 |
BOTTOM OF THE 10TH |
Oakland Athletics batting - Pitching for Houston Astros : LHP Brian Thomas
|
Batting: LHB Tom Butterbaugh
|
0-0: Ball 1-0: Foul Ball, location: 2F 1-1: Swinging Strike 1-2: Strikes out swinging
|
Batting: RHB Muneo Kawachi
|
0-0: Swinging Strike 0-1: Ball 1-1: Ball 2-1: SOLO HOME RUN (Flyball, 78XD, EV 112.5 MPH), Distance : 435 ft
|
Bottom of the 10th over - 1 run, 1 hit, 0 errors, 0 left on base; Houston 8 - Oakland 9 |
|